 Dungeon Crawl Stone Soup version 0.30-a0-824-g6c64550be9 (webtiles) character file.

Game seed: 7817279899518989505

5865 dialectric the Unseen (level 10, -5/51 HPs)
             Began as a Spriggan Brigand on Feb 27, 2023.
             Was a Priest of Trog.
             Shot with a bolt by a yaktaur (19 damage)
             ... on level 13 of the Dungeon on Feb 28, 2023.
             The game lasted 00:19:59 (9072 turns).

dialectric the Unseen (Spriggan Brigand)            Turns: 9072, Time: 00:19:59

Health: -5/51      AC:  4    Str:  7    XL:     10   Next: 52%
Magic:  11/11      EV: 23    Int: 11    God:    Trog [***...]
Gold:   614        SH:  0    Dex: 21    Spells: 9/9 levels left

rFire   . . .      SeeInvis +    a - +2 dagger (protect)
rCold   . . .      Faith    .    (no shield)
rNeg    . . .      Spirit   .    b - +0 robe
rPois   .          Reflect  .    (helmet restricted)
rElec   .          Harm     .    c - +1 cloak
rCorr   .          Rampage  .    (gloves unavailable)
Will    +....      Rnd*Tele +    (boots unavailable)
Stlth   +++++++                  (no amulet)
HPRegen 0.28/turn                (no ring)
MPRegen 0.12/turn                (no ring)

@: unable to read, very quick
A: very small, no large weapons, unfitting armour, see invisible, speed 3, dopey
1, teleportitis 1, subdued magic 1, inability to read after injury 1, MP-powered
wands
a: Renounce Religion, Berserk, Trog's Hand


You were on level 13 of the Dungeon.
You worshipped Trog.
Trog was most pleased with you.
You visited 1 branch of the dungeon, and saw 13 of its levels.
You also visited: Sewer.

You collected 614 gold pieces.

Inventory:

Hand Weapons
 a - a +2 dagger of protection (weapon)
 d - a +1 dagger of venom
Missiles
 e - 4 poisoned darts
 E - a datura-tipped dart (quivered)
Armour
 b - a +0 robe (worn)
 c - a +1 cloak (worn)
Jewellery
 D - a ring of magical power
Wands
 w - a wand of flame (11)
 B - a wand of acid (6)
Scrolls
 g - 2 scrolls of enchant armour
 l - 3 scrolls of blinking
 n - 5 scrolls of identify
 o - a scroll of torment
 r - a scroll of brand weapon
 s - 2 scrolls of fog
 t - 5 scrolls of magic mapping
 u - 2 scrolls of amnesia {unknown}
 v - a scroll of summoning {unknown}
 y - 9 scrolls of teleportation {unknown}
 A - a scroll of enchant weapon {unknown}
Potions
 h - a potion of cancellation
 i - a potion of resistance {unknown}
 j - 2 potions of degeneration
 k - 9 potions of curing
 p - 4 potions of lignification {unknown}
 q - 6 potions of flight
 x - 3 potions of heal wounds {unknown}
 z - a potion of invisibility
 C - a potion of might {unknown}


   Skills:
 * Level 4.8 Fighting
 - Level 5.0 Short Blades
 - Level 3.7 Throwing
 - Level 8.0 Dodging
 * Level 18.6 Stealth
 - Level 5.0 Evocations


You had 9 spell levels left.
You didn't know any spells.
Your spell library contained the following spells:

 Spells                   Type           Power      Damage    Failure   Level
 Necrotise                Necr           0%         1d4       30%         1
 Vampiric Draining        Necr           0%         2d6       67%         3
 Agony                    Necr           0%         N/A       100%        5


Dungeon Overview and Level Annotations

Branches:
Dungeon (13/15)            Temple (0/1) D:7           Sewer (visited)
   Lair: D:8-11         Orc: D:9-12      Vaults: D:13-14

Altars:
Ashenzari
Dithmenos
Elyvilon
Gozag
Kikubaaqudgha
Ru
Sif Muna
Trog
Uskayaw
Wu Jian
Xom
Yredelemnul
Zin

Annotations:
D:10 Lodul


Innate Abilities, Weirdness & Mutations

You are very small and have problems with some larger weapons.
You are too small for most types of armour.
You have supernaturally acute eyesight. (SInv)
You cover ground extremely quickly. (Speed+++)
You are dopey. (Int -2)
You are occasionally teleported next to monsters.
Your spells are a little easier to cast, but a little less powerful.
You occasionally lose the ability to read scrolls when taking damage.
You expend magic power (3 MP) to strengthen your wands.


Message History

5 yaks come into view.
Found 13 gold pieces.
The yak bellows!
You hear a bellow!
A wraith, a centaur warrior zombie and a meliai zombie come into view.
A wraith comes into view.
A centaur warrior zombie comes into view.
Found a stone staircase leading down.
A shadow comes into view.
The shadow moves out of view.
A centaur warrior zombie comes into view.
You see here 13 gold pieces.
A goblin comes into view. It is wielding a +0 club.
The centaur warrior zombie completely misses you.
The centaur warrior zombie kicks you.
There is a stone staircase leading down here.
The centaur warrior zombie misses you.
The centaur warrior zombie barely misses you. x2
The centaur warrior zombie closely misses you.
You climb downwards.
There is a stone staircase leading up here.
Unknown command.
Unknown command.
HP restored.
There is a stone staircase leading up here.
A two-headed ogre and a yaktaur come into view.
An ogre comes into view. It is wielding a +0 giant club.
The yaktaur wields a +0 arbalest.
The yaktaur shoots a bolt.
The bolt hits you!!
The ogre shouts!
You hear a shout!
You hear a shout! x2
An ogre comes into view. It is wielding a +0 giant club.
The yaktaur shoots a bolt.
The bolt hits you!
You feel threatened and lose the ability to read scrolls!
* * * LOW HITPOINT WARNING * * *
You hear a shout!
A yaktaur comes into view.
The yaktaur shouts!
The yaktaur wields a +0 arbalest.
The yaktaur shoots a bolt.
The bolt hits you!!
You die...

#.# # # #.# . .#
#.# # .## .# #.# #O
#O#..# # #.#
#..##.#..#.## #.#
#O......... #.#
#######O#..#.##
#.###.....O........
#..<@......c.......
###########.#..#.##
.........
##.#..#.## #.#..#.#
c## .# . . .# # #


You could see a two-headed ogre, a yaktaur and an ogre.

Vanquished Creatures
  2 two-headed ogres (D:9)
  Nergalle (D:11)
  A hornet (D:9)
  Prince Ribbit (D:5)
  4 yaks (D:10)
  A shadow (D:9)
  A steam dragon (D:7)
  Menkaure (D:7)
  A water moccasin (D:7)
  An acid dragon (D:11)
  An ice beast (D:6)
  A black bear (D:6)
  5 ogres
  5 centaurs
  2 phantoms
  2 bullfrogs
  2 scorpions
  A wight (D:8)
  A howler monkey (D:11)
  3 jellies
  4 hounds
  4 orc priests
  4 iguanas
  An orc wizard (D:3)
  7 gnolls
  2 river rats (Sewer)
  13 adders
  3 shadow imps
  A white imp (D:6)
  An ufetubus (D:5)
  4 worms (Sewer)
  3 dart slugs
  12 orcs
  5 endoplasms
  7 giant cockroaches
  4 goblins
  9 hobgoblins
  9 jackals
  7 quokkas
  13 ball pythons
  14 bats
  8 frilled lizards
  6 kobolds
  3 rats
181 creatures vanquished.

Vanquished Creatures (collateral kills)
  2 ogres (D:10)
2 creatures vanquished.

Vanquished Creatures (others)
  A black bear (D:6)
  14 plants
15 creatures vanquished.

Grand Total: 198 creatures vanquished

Notes
Turn   | Place    | Note
-------+----------+-------------------------------------------
     0 | D:1      | dialectric the Spriggan Brigand began the quest for the
                  | Orb.
     0 | D:1      | Reached XP level 1. HP: 10/10 MP: 2/2
    29 | D:1      | Reached skill level 6 in Stealth
   111 | D:1      | Reached XP level 2. HP: 10/14 MP: 3/3
   308 | D:1      | Reached skill level 7 in Stealth
   967 | D:2      | Reached XP level 3. HP: 18/18 MP: 4/4
  1505 | D:3      | Reached skill level 8 in Stealth
  1514 | D:3      | Found a shimmering blue altar of Sif Muna.
  1586 | D:3      | Reached XP level 4. HP: 22/22 MP: 5/5
  1598 | D:3      | Found a bloodstained altar of Trog.
  1611 | D:3      | Became a worshipper of Trog the Wrathful
  1724 | D:3      | Found a glowing drain.
  1759 | Sewer    | Entered a sewer
  2005 | Sewer    | Reached XP level 5. HP: 26/26 MP: 6/6
  2047 | Sewer    | Reached * piety under Trog
  2240 | Sewer    | Reached skill level 9 in Stealth
  2886 | D:4      | Found an opulent altar of Gozag.
  2925 | D:4      | Reached XP level 6. HP: 30/30 MP: 7/7
  2990 | D:4      | Gained mutation: Your body sometimes deteriorates upon
                  | taking damage. [potion of mutation]
  2990 | D:4      | Gained mutation: You are covered in fur. (AC +1) [potion of
                  | mutation]
  2992 | D:4      | Lost mutation: Your body sometimes deteriorates upon taking
                  | damage. [potion of mutation]
  2992 | D:4      | Lost mutation: You are covered in fur. (AC +1) [potion of
                  | mutation]
  2992 | D:4      | Gained mutation: You do not regenerate when monsters are
                  | visible. [potion of mutation]
  2992 | D:4      | Gained mutation: You passively dampen the noise of your
                  | surroundings. [potion of mutation]
  2994 | D:4      | Lost mutation: You passively dampen the noise of your
                  | surroundings. [potion of mutation]
  2994 | D:4      | Lost mutation: You do not regenerate when monsters are
                  | visible. [potion of mutation]
  2994 | D:4      | Gained mutation: You expend magic power (3 MP) to
                  | strengthen your wands. [potion of mutation]
  2994 | D:4      | Gained mutation: You have hidden genetic defects. [potion
                  | of mutation]
  3013 | D:4      | Found a white marble altar of Elyvilon.
  3032 | D:4      | Reached ** piety under Trog
  3229 | D:5      | Entered Level 5 of the Dungeon
  3309 | D:5      | Gained mutation: You have terrible hidden genetic defects.
                  | [hidden defects]
  3439 | D:5      | Found a shimmering altar of Xom.
  3441 | D:5      | Found a hide-covered altar of Uskayaw.
  3478 | D:5      | Gained mutation: Your spells are a little easier to cast,
                  | but a little less powerful. [hidden defects]
  3478 | D:5      | Lost mutation: You have terrible hidden genetic defects.
                  | [hidden defects expressed]
  3522 | D:5      | Noticed Prince Ribbit
  3529 | D:5      | Killed Prince Ribbit
  3530 | D:5      | Reached skill level 10 in Stealth
  3530 | D:5      | Reached XP level 7. HP: 35/35 MP: 8/8
  3532 | D:5      | Gained mutation: You occasionally lose the ability to read
                  | scrolls when taking damage. [hidden defects]
  3593 | D:5      | Found a broken altar of Ashenzari.
  3716 | D:4      | Found an ancient bone altar of Kikubaaqudgha.
  4148 | D:3      | Reached skill level 5 in Dodging
  4248 | D:3      | Gained mutation: You have terrible hidden genetic defects.
                  | [hidden defects]
  4248 | D:3      | Lost mutation: You have terrible hidden genetic defects.
                  | [hidden defects expressed]
  5082 | D:6      | Reached skill level 11 in Stealth
  5093 | D:6      | Gained mutation: You are dopey. (Int -2) [hidden defects]
  5105 | D:6      | Reached XP level 8. HP: 39/39 MP: 9/9
  5154 | D:6      | Reached skill level 5 in Short Blades
  5399 | D:6      | Gained mutation: You are occasionally teleported next to
                  | monsters. [hidden defects]
  5399 | D:6      | Lost mutation: You have hidden genetic defects. [hidden
                  | defects expressed]
  5482 | D:6      | Reached *** piety under Trog
  5546 | D:6      | Reached skill level 12 in Stealth
  5705 | D:6      | Found a sacrificial altar of Ru.
  5977 | D:6      | Found a glowing silver altar of Zin.
  5977 | D:6      | Found a basalt altar of Yredelemnul.
  6133 | D:6      | Found an ornate altar of the Wu Jian Council.
  6147 | D:7      | Reached skill level 13 in Stealth
  6373 | D:7      | Reached skill level 14 in Stealth
  6373 | D:7      | Reached skill level 1 in Evocations
  6373 | D:7      | Reached XP level 9. HP: 44/44 MP: 10/10
  6403 | D:7      | Noticed Menkaure
  6414 | D:7      | Killed Menkaure
  6696 | D:9      | Noticed a two-headed ogre
  6705 | D:9      | Killed a two-headed ogre
  6706 | D:9      | Reached skill level 15 in Stealth
  6822 | D:9      | Reached skill level 16 in Stealth
  7055 | D:9      | Noticed a two-headed ogre
  7077 | D:10     | Entered Level 10 of the Dungeon
  7664 | D:7      | Reached skill level 17 in Stealth
  7664 | D:7      | Reached XP level 10. HP: 26/51 MP: 11/11
  7778 | D:7      | Found a staircase to the Ecumenical Temple.
  8018 | D:9      | Found a shadowy altar of Dithmenos.
  8098 | D:9      | Killed a two-headed ogre
  8679 | D:10     | Reached skill level 18 in Stealth
  8698 | D:10     | Noticed Lodul
  8817 | D:11     | Noticed Nergalle
  8823 | D:11     | Killed Nergalle
  8827 | D:11     | Reached skill level 5 in Evocations
  8962 | D:12     | Noticed a deep elf pyromancer
  9061 | D:13     | Noticed a two-headed ogre
  9072 | D:13     | Shot with a bolt by a yaktaur

Illustrated notes

Levels and vault maps discovered:
D:1:      matt_arrival_spirals, layout_basic
D:2:      layout_loops_corners
D:3:      layout_basic, mainiacjoe_overflow_six_doors_small,
          nicolae_overflow_crystal_walls, portal_sewer_entry_f
D:4:      layout_rooms, elyvilon_altar_5, kennysheep_little_box,
          nicolae_kikubaaqudgha_miasma_corner
D:5:      layout_basic, cheibrodos_ashenzari_chains, jmf_multi_god_temple,
          uniq_prince_ribbit1
D:6:      corexii_shack_village, layout_basic, mainiacjoe_overflow_catwalk,
          amethyst_overflow_temple_binary, kennysheep_mini
D:7:      layout_basic, minmay_temple_entry_large_hall, enter_bailey_4,
          uniq_menkaure
D:8:      layout_cave_pools, lightli_temple_of_fire, corexii_hall_statues_u,
          uniq_pikel
D:9:      layout_stronghold, mainiacjoe_overflow_alcove_1
D:10:     layout_basic, serial_bayou_crossing, uniq_lodul, uniq_urug
D:11:     layout_cave_pools, dpeg_oklobed_lair, minmay_statue_bubble,
          uniq_nergalle, uniq_erica
D:12:     layout_irregular_city, erik_orc_4, serial_undead, serial_undead_b,
          serial_undead_d, serial_undead_d, serial_undead_c, serial_undead_f,
          serial_undead_a, tgw_lugonu_bribe
D:13:     layout_loops_ring, hangedman_vaults_entry_quadrant_bands,
          ploomutoo_gammafunk_ghost_potion_laboratory, serial_ice, serial_ice_c,
          serial_ice_h, serial_ice_i, serial_ice_a, serial_ice_m, serial_ice_e,
          serial_ice_b, serial_ice_n, amethyst_killhole

Skill      XL: |  1  2  3  4  5  6  7  8  9 10 |
---------------+-------------------------------+-----
Stealth        | 6 7 8 9 10 11 14 17 18 | 18.6
Short Blades   | 3 4 5 |  5.0
Dodging        | 2 3 4 5 6 8 |  8.0
Fighting       | 2 3 4 |  4.8
Throwing       | 3 |  3.7
Evocations     | 1 2 5 |  5.0

Action                     |  1- 3 |  4- 6 |  7- 9 | 10-12 || total
---------------------------+-------+-------+-------+-------++-------
  Melee: Dagger            |    83 |   229 |   218 |    39 ||   569
         Punch             |       |     3 |     2 |       ||     5
  Throw: Dart              |     1 |    29 |    25 |    13 ||    68
 Invoke: Berserk           |       |     3 |     4 |     2 ||     9
  Evoke: Wand              |       |       |    21 |     7 ||    28
    Use: Scroll            |     1 |     2 |     5 |     2 ||    10
         Potion            |       |     6 |     2 |     1 ||     9
   Stab: Sleeping          |    21 |    10 |    38 |     4 ||    73
         Distracted        |     2 |       |       |       ||     2
 Armour: Robe              |    12 |    48 |    33 |     3 ||    96
  Dodge: Dodged            |    54 |   224 |   157 |    34 ||   469

Table legend: (Time is in decaauts)
 A = Elapsed time spent in this place.
 B = Non-inter-level travel time spent in this place.
 C = Inter-level travel time spent in this place.
 D = Time resting spent in this place.
 E = Time spent auto-exploring this place.
 F = Levels seen in this place.
 G = Mean time per level.
                   A        B        C        D        E       F      G
               +--------+--------+--------+--------+--------+-----+--------+
         Total |   6649 |   6552 |     97 |    995 |   3360 |  14 |  474.9 |
       Dungeon |   5723 |   5626 |     97 |    813 |   2998 |  13 |  440.2 |
         Sewer |    926 |    926 |      0 |    182 |    362 |   1 |  926.0 |
               +--------+--------+--------+--------+--------+-----+--------+

Top non-repeatable levels by time:
     D:9: 1000 daAuts
   Sewer: 926 daAuts
     D:3: 912 daAuts
     D:6: 720 daAuts
     D:5: 576 daAuts
     D:2: 512 daAuts
     D:1: 466 daAuts
     D:7: 443 daAuts
     D:4: 403 daAuts
    D:10: 383 daAuts
    D:11: 119 daAuts
     D:8: 110 daAuts
    D:12: 51 daAuts
    D:13: 23 daAuts
